 Dungeon Crawl Stone Soup version 0.21.0 (webtiles) character file.

164 Inarius the Chiller (level 5, -3/39 HPs)
             Began as a Draconian Ice Elementalist on Jan 7, 2018.
             Slain by an ogre
             ... wielding a +0 giant club
              (10 damage)
             ... on level 3 of the Dungeon.
             The game lasted 00:09:57 (3146 turns).

Inarius the Chiller (Draconian Ice Elementalist)    Turns: 3146, Time: 00:09:57

Health: -3/39      AC: 11    Str: 15    XL:     5   Next: 21%
Magic:  4/10       EV: 12    Int: 16    God:
Gold:   175        SH:  0    Dex: 12    Spells: 2/10 levels left

rFire    . . .     SeeInvis .   x - +2 dagger (drain)
rCold    . . .     Gourm    .   (no shield)
rNeg     . . .     Faith    +   (armour unavailable)
rPois    +         Spirit   .   (helmet restricted)
rElec    .         Reflect  .   (no cloak)
rCorr    .         Harm     .   (no gloves)
MR       .....                  m - +0 pair of boots (curse)
Stlth    ++........             h - amulet of faith
HPRegen  0.13/turn              n - ring of flight
MPRegen  0.12/turn              u - ring of poison resistance

@: mighty, icy armour, slow
A: unfitting armour, cold-blooded, AC +5
a: Evoke Flight


You were on level 3 of the Dungeon.
You were not hungry.

You visited 1 branch of the dungeon, and saw 3 of its levels.

You collected 175 gold pieces.

Inventory:

Hand Weapons
 i - a +0 whip
 x - a +2 dagger of draining (weapon)
Armour
 m - a cursed +0 pair of boots (worn)
 o - a +0 buckler
Jewellery
 h - an amulet of faith (around neck)
 l - an uncursed ring of fire
 n - a ring of flight (left hand)
 u - a ring of poison resistance (right hand)
Wands
 y - a wand of disintegration (13)
Scrolls
 d - a scroll of immolation {unknown}
 e - 4 scrolls of fog {unknown}
 f - a scroll of random uselessness {unknown}
 k - a scroll of enchant weapon {unknown}
 p - a scroll of amnesia {unknown}
 t - a scroll of teleportation {unknown}
Potions
 c - 2 potions of lignification
 g - a potion of ambrosia
 j - a potion of agility
 q - a potion of brilliance {unknown}
 r - a potion of might
 s - a potion of berserk rage {unknown}
 v - 2 potions of cancellation {unknown}
Books
 a - a book of Frost

   Spells                             Type                      Level
   a - Freeze                         Ice                          1
   b - Throw Frost                    Conjuration/Ice              2
   c - Ozocubu's Armour               Charms/Ice                   3
   d - Throw Icicle                   Conjuration/Ice              4
   e - Summon Ice Beast               Ice/Summoning                4
Comestibles
 b - 8 rations
 w - a chunk of flesh


   Skills:
 + Level 0.3 Fighting
 - Level 0.3 Short Blades
 - Level 1.9 Dodging
 - Level 1.7 Stealth
 * Level 1.4 Shields
 + Level 3.4 Spellcasting
 * Level 1.2 Conjurations
 + Level 0.6 Charms
 + Level 4.2 Ice Magic


You had 2 spell levels left.
You knew the following spells:

 Your Spells              Type           Power        Failure   Level  Hunger
a - Freeze                Ice            ###.         3%          1    None
b - Ozocubu's Armour      Chrm/Ice       ##......     21%         3    ###....
c - Throw Icicle          Conj/Ice       ##......     50%         4    ####...


Dungeon Overview and Level Annotations

Branches:
Dungeon (3/15)

Altars:
Ashenzari
Okawaru
Wu Jian


Innate Abilities, Weirdness & Mutations

Your plain brown scales are hard. (AC +5)
You cannot fit into any form of body armour.
You are cold-blooded and may be slowed by cold attacks.


Message History

The ogre hits you with a giant club!
You barely miss the ogre.
The ogre is lightly wounded.
The ogre closely misses you.
You completely miss the ogre.
The ogre is lightly wounded.
You hit the ogre but do no damage. You drain the ogre!
The ogre is moderately wounded.
The ogre misses you.
You hit the ogre.
The ogre is moderately wounded.
The ogre hits you with a giant club!
You barely miss the ogre. You tail-slap the ogre.
The ogre is heavily wounded.
The ogre hits you with a giant club!
* * * LOW HITPOINT WARNING * * *
It was a potion of might.
You feel very mighty all of a sudden. The ogre hits you with a giant club!
You die...

#..##...#.#......###
#..).....#.........#
<..###.........#.#####
#.## ####......#.#...#
#.# #####..#.#.#.####
#.# #..#.#.#....# #.#
####..#.#.#(.#.# #..
...............# #..
#####..@#.###### #..
......#O### #
.####.#.# . ###.#
#...O....# ##.#####...
####


You could see an ogre.

Vanquished Creatures
  An orc priest (D:3)
  A worker ant (D:3)
  4 adders
  2 worms (D:3)
  2 dart slugs (D:1)
  2 leopard geckos
  7 orcs
  6 bats
  2 giant cockroaches (D:1)
  9 goblins
  5 hobgoblins
  2 jackals (D:2)
  8 kobolds
  A quokka (D:3)
  3 frilled lizards
  7 rats
62 creatures vanquished.

Notes
Turn   | Place    | Note
-------+----------+-------------------------------------------
     0 | D:1      | Inarius the Draconian Ice Elementalist began the quest for the Orb.
     0 | D:1      | Reached XP level 1. HP: 14/14 MP: 3/3
   424 | D:1      | Reached XP level 2. HP: 17/20 MP: 0/5
   975 | D:2      | Reached XP level 3. HP: 26/26 MP: 3/6
   988 | D:2      | Learned a level 3 spell: Ozocubu's Armour
  1412 | D:2      | Found an ornate altar of the Wu Jian Council.
  1414 | D:2      | Found a shattered altar of Ashenzari.
  1932 | D:3      | Reached XP level 4. HP: 18/33 MP: 0/8
  2075 | D:3      | Reached skill level 4 in Ice Magic
  2102 | D:3      | Learned a level 4 spell: Throw Icicle
  2213 | D:3      | Reached skill level 1 in Shields
  2312 | D:3      | Found a faded altar of an unknown god.
  2437 | D:3      | Found an iron altar of Okawaru.
  2502 | D:3      | Reached XP level 5. HP: 9/39 MP: 8/10
  2818 | D:3      | Noticed an ogre
  3146 | D:3      | Slain by an ogre

Skill      XL: |  1  2  3  4 |
---------------+-------------+-----
Spellcasting   | 3 |  3.4
Ice Magic      | 4 |  4.2
Shields        | 1 |  1.4
Fighting       | |  0.3
Short Blades   | |  0.3
Dodging        | |  1.9
Stealth        | |  1.7
Conjurations   | |  1.2
Charms         | |  0.6

Action                   |  1- 3 |  4- 6 || total
-------------------------+-------+-------++-------
Melee: Dagger            |     2 |    86 ||    88
       Unarmed           |     1 |       ||     1
       Whip              |    85 |       ||    85
       Tailslap          |     6 |     8 ||    14
 Cast: Freeze            |    55 |     3 ||    58
       Ozocubu's Armour  |       |     4 ||     4
       Throw Icicle      |       |     2 ||     2
 Abil: Stop Flying       |       |     1 ||     1
       Evoke Flight      |       |     1 ||     1
  Use: Scroll            |     1 |     3 ||     4
       Potion            |       |     1 ||     1
 Stab: Sleeping          |     1 |       ||     1
  Eat: Chunk             |     2 |     3 ||     5
       Ration            |     1 |       ||     1
Armor: Skin              |    50 |    23 ||    73
Dodge: Dodged            |   104 |    41 ||   145
